 Dungeon Crawl Stone Soup version 0.21.1-1-g345015f (webtiles) character file.

110595 spiff the Transmogrifier (level 16, -1/158 HPs)
             Began as a Troll Transmuter on June 20, 2018.
             Was a High Priest of Wu Jian.
             Shot with a bolt by a naga sharpshooter (7 damage)
             ... led by Vashnia
             ... on level 2 of the Snake Pit on June 22, 2018.
             The game lasted 03:41:31 (40985 turns).

spiff the Transmogrifier (Troll Transmuter)        Turns: 40985, Time: 03:41:32

Health: -1/158     AC: 17    Str: 22    XL:     16   Next: 7%
Magic:  19/23      EV: 14    Int: 14    God:    Wu Jian [*****.]
Gold:   2580       SH:  0    Dex: 10    Spells: 3/25 levels left

rFire    . . .     SeeInvis .     - Unarmed
rCold    . . .     Gourm    +   (shield currently unavailable)
rNeg     . . .     Faith    .   W - +2 robe {Archmagi}
rPois    .         Spirit   .   Z - +2 hat
rElec    .         Reflect  .   H - +2 cloak
rCorr    .         Harm     .   (gloves unavailable)
MR       ++...                  (boots unavailable)
Stlth    +.........             A - amulet of rage
HPRegen  0.76/turn              i - +5 ring of protection
MPRegen  0.18/turn              y - ring of protection from magic

@: exhausted, blade hands, very slightly contaminated
A: large, unfitting armour, claws 3, fast metabolism 3, gourmand, regeneration
1, shaggy fur 1, tough skin 2
a: End Transformation, Wall Jump, Serpent's Lash, Heavenly Storm, Renounce
Religion, Evoke Berserk Rage


You were on level 2 of the Snake Pit.
You worshipped Wu Jian.
Wu Jian was extremely pleased with you.
You were hungry.
You had blades for hands.
You visited 5 branches of the dungeon, and saw 27 of its levels.

You collected 3240 gold pieces.
You spent 660 gold pieces at shops.

Inventory:

Missiles
 a - 411 arrows
 r - 5 steel javelins
 t - 2 throwing nets
 B - 8 large rocks (quivered)
 I - 66 tomahawks
 M - 5 silver tomahawks
 T - 7 javelins
Armour
 b - a +0 large shield
 c - a +0 shield
 H - a +2 cloak (worn)
 L - a +0 hat of see invisible
 W - a +2 robe of the Archmagi (worn)
 Z - a +2 hat (worn)
Jewellery
 i - a +5 ring of protection (left scythe-like blade)
 k - a +2 ring of protection
 y - a ring of protection from magic (right scythe-like blade)
 A - an amulet of rage (around neck)
 V - an uncursed ring of flight
Wands
 n - a wand of flame (140)
 p - a wand of random effects (69)
 G - a wand of scattershot (4)
 O - a wand of iceblast (4)
 S - a wand of enslavement (10)
Scrolls
 e - 4 scrolls of fog
 g - a scroll of fear
 h - a scroll of vulnerability
 j - 2 scrolls of identify
 l - 4 scrolls of immolation
 m - a scroll of blinking
 q - 16 scrolls of remove curse
 s - 8 scrolls of teleportation
 x - 2 scrolls of noise
 C - a scroll of magic mapping
 E - 2 scrolls of amnesia
 U - a scroll of holy word {unknown}
 X - a scroll of silence
Potions
 f - 2 potions of cancellation
 o - a potion of berserk rage {unknown}
 u - a potion of haste
 v - 8 potions of curing
 w - 3 potions of magic
 z - 5 potions of lignification
 D - 2 potions of resistance
 F - 5 potions of might
 J - 4 potions of invisibility
 K - 2 potions of flight
 P - a potion of agility
 Q - a potion of degeneration
 R - 3 potions of mutation
Books
 N - a book of Transfigurations

   Spells                             Type                      Level
   a - Irradiate                      Conjuration/Transmutation    5
   b - Statue Form                    Transmutation/Earth          6
   c - Hydra Form                     Transmutation                6
   d - Dragon Form                    Transmutation                7
Comestibles
 d - 27 rations


   Skills:
 - Level 10.0 Fighting
 - Level 8.0 Throwing
 - Level 10.0 Dodging
 - Level 4.9 Shields
 - Level 10.6 Unarmed Combat
 - Level 5.3 Spellcasting
 - Level 3.0 Hexes
 + Level 11.3 Transmutations
 - Level 5.0 Ice Magic
 + Level 6.1 Earth Magic
 - Level 3.0 Poison Magic


You had 3 spell levels left.
You knew the following spells:

 Your Spells              Type           Power        Failure   Level  Hunger
a - Beastly Appendage     Tmut           ######       8%          1    None
b - Sticks to Snakes      Tmut           ######..     10%         2    ##.....
c - Ice Form              Ice/Tmut       #####...     36%         4    ####...
d - Statue Form           Tmut/Erth      #####....    90%         6    #######
e - Spider Form           Tmut/Pois      #####.....   24%         3    ###....
f - Blade Hands           Tmut           ######....   30%         5    ######.
r - Confusing Touch       Hex            ###...       32%         1    None


Dungeon Overview and Level Annotations

Branches:
Dungeon (15/15)            Temple (0/1) D:5            Lair (6/6) D:8
 Shoals (0/4) Lair:4        Snake (3/4) Lair:2        Slime (0/5) Lair:6
    Orc (2/2) D:11            Elf (0/3) Orc:2        Vaults (0/5) D:14
 Depths (1/5) D:15

Altars:
Ashenzari
Cheibriados
Dithmenos
Elyvilon
Gozag
Makhleb
Nemelex Xobeh
Qazlal
Vehumet
Wu Jian
Zin
The Shining One
Jiyva

Shops:
D:4 =   D:7 [((   D:10 !   Orc:2 (:[*

Annotations:
D:4 Dowan
D:9 exclusion: downstairs
D:10 exclusion: downstairs
Orc:1 exclusion: downstairs


Innate Abilities, Weirdness & Mutations

You are too large for most types of armour.
You have claws for hands.
Your metabolism is lightning-fast.
You like to eat raw meat.
Your natural rate of healing is unusually fast.
You are covered in fur. (AC +1)
You have very tough skin. (AC +2)


Message History

The naga sharpshooter is severely wounded.
You spin and attack the naga sharpshooter.
You catch the helpless naga sharpshooter completely off-guard!
You slice the naga sharpshooter!!
You kill the naga sharpshooter!
The Council accepts your kill.
You feel sick.
You feel sick.
The naga sharpshooter shoots a bolt.
The bolt hits you!!
* * * LOW HITPOINT WARNING * * *
x2
Items here: ( )) † a bolt; an uncursed arbalest; an uncursed war axe; a naga corpse You feel better.
The naga sharpshooter shoots a bolt.
The bolt hits you!
* * * LOW HITPOINT WARNING * * *
x2 Blink to where?
Press: ? - help, Dir - move target cursor You are very lightly contaminated with residual magic.
As you read the scroll of blinking, it crumbles to dust.
The naga sharpshooter shoots a bolt.
The bolt hits you!!
* * * LOW HITPOINT WARNING * * *
You die...

#############################
..............##..............
..............##...............
..............##...............
..............##...............
......N.......##(..............
..........N...##@(..)....(.....
........##N...((...............
##########....([...............
#########§...(.................
#.........(....................
#..............########.....###
#..............# #....##
#................. .....#
#.......#######... .....#


You could see a naga sharpshooter.

Vanquished Creatures
  Vashnia (Snake:2)
  Kirke (Lair:4)
  A nagaraja (Snake:3)
  Donald (Orc:2)
  An orc warlord (Orc:2)
  An ettin (Orc:2)
  The ghost of Zeloya the Covert, a journeyman KoAs of Okawaru (Lair:4)
  An ogre mage (D:14)
  Josephine (Orc:2)
  Erica (D:8)
  6 hydras
  7 naga warriors
  2 alligators (Snake:3)
  A catoblepas (Lair:6)
  7 two-headed ogres
  A tengu warrior (D:14)
  2 naga sharpshooters
  8 death yaks
  Nergalle (D:10)
  4 orc high priests
  4 skeletal warriors
  A salamander mystic (Snake:1)
  2 unseen horrors
  3 wizards (D:15)
  A swamp dragon (Snake:3)
  A necromancer (D:15)
  A lindwurm (Lair:6)
  A mana viper (Snake:3)
  4 orc knights
  8 orc sorcerers
  4 manticores
  3 deep elf magi
  9 ugly things
  2 cyclopes
  3 salamanders
  Maurice (D:8)
  4 elephants
  Psyche (D:8)
  2 guardian serpents (Snake:3)
  2 centaur zombies
  Joseph (D:10)
  4 naga magi
  16 black mambas
  6 spiny frogs
  An ice statue (D:9)
  3 molten gargoyles (Lair:6)
  A gargoyle (D:13)
  2 centaur skeletons (D:15)
  The ghost of Bnni the Poker, a novice OpGl (D:5)
  2 torpor snails
  A kobold demonologist (D:15)
  3 rime drakes
  6 ice devils (D:9)
  12 komodo dragons
  A polar bear (Lair:5)
  2 trolls
  3 blink frogs (Lair:1)
  2 slime creatures
  12 hippogriffs
  3 dream sheep (Lair:5)
  A meliai zombie (D:13)
  4 wyverns
  A vampire (D:12)
  A yak (shapeshifter) (D:13)
  2 shadows
  5 wraiths
  Grum (D:9)
  28 yaks
  11 basilisks
  2 hungry ghosts
  3 hogs
  Menkaure (D:7)
  4 steam dragons
  8 vampire mosquitoes
  2 wargs (Orc:1)
  13 nagas
  3 swamp worms (Snake:3)
  Duvessa (D:4)
  5 hell hounds (Lair:6)
  12 water moccasins
  A water moccasin (shapeshifter) (D:14)
  10 porcupines
  34 orc warriors
  5 sky beasts
  2 swamp drakes
  2 ice beasts
  5 phantoms
  3 black bears
  A necrophage (D:6)
  11 ogres
  5 wolves
  5 centaurs
  18 crocodiles
  A big kobold (D:6)
  21 bullfrogs
  A wyvern zombie (D:11)
  3 scorpions
  A water moccasin skeleton (D:10)
  12 killer bees
  17 wights
  5 lava snakes (Lair:6)
  8 crimson imps
  5 howler monkeys
  A quasit (D:7)
  3 bullfrog zombies
  17 jellies
  8 hounds
  A gnoll shaman (D:5)
  19 orc priests
  An iron imp (Orc:1)
  34 orc wizards
  3 iguanas
  12 worker ants
  6 ogre zombies (D:11)
  A howler monkey zombie (D:6)
  2 worker ant zombies
  15 gnolls
  A howler monkey skeleton (D:11)
  18 adders
  8 shadow imps
  6 ufetubi (D:9)
  12 oozes
  A worm (D:2)
  2 adder skeletons
  An adder zombie (D:7)
  5 dart slugs
  7 leopard geckos
  91 orcs
  10 bats
  2 giant cockroaches
  9 goblins
  4 hobgoblins
  5 jackals
  3 quokkas
  3 ball pythons
  3 frilled lizards
  A goblin skeleton (D:11)
  A goblin zombie (D:11)
  A hobgoblin skeleton (D:11)
  2 hobgoblin zombies (D:11)
  14 kobolds
  2 leopard gecko skeletons
  2 orc skeletons (D:11)
  12 orc zombies (D:11)
  A quokka zombie (D:7)
  8 rats
  A butterfly (Lair:1)
  A plant (D:6)
832 creatures vanquished.

Vanquished Creatures (collateral kills)
  A fire dragon (Lair:6)
  A black mamba (Lair:3)
  A spiny frog (Lair:2)
  An orc (Orc:2)
4 creatures vanquished.

Vanquished Creatures (others)
  2 humans (Lair:4)
  A crocodile (Snake:3)
  A white imp (Orc:1)
  2 orcs
  A giant cockroach (D:3)
  A hobgoblin (D:3)
  A quokka (D:8)
  A frilled lizard (D:3)
  A bush (Lair:6)
  25 fungi
  34 plants
70 creatures vanquished.

Grand Total: 906 creatures vanquished

Notes
Turn   | Place    | Note
-------+----------+-------------------------------------------
     0 | D:1      | spiff the Troll Transmuter began the quest for the Orb.
     0 | D:1      | Reached XP level 1. HP: 18/18 MP: 1/1
     9 | D:1      | Reached skill level 1 in Fighting
    48 | D:1      | Reached XP level 2. HP: 27/27 MP: 3/3
   599 | D:2      | Reached XP level 3. HP: 17/33 MP: 2/4
   761 | D:2      | Found a transporter.
   767 | D:2      | Found a transporter.
   794 | D:2      | Found an ornate altar of the Wu Jian Council.
  1568 | D:3      | Reached XP level 4. HP: 39/41 MP: 3/5
  1620 | D:3      | Reached skill level 2 in Transmutations
  1951 | D:3      | Found a radiant altar of Vehumet.
  2295 | D:3      | Reached XP level 5. HP: 49/49 MP: 3/6
  2663 | D:4      | Found a shadowy altar of Dithmenos.
  2690 | D:4      | Noticed Duvessa
  2761 | D:4      | Noticed Dowan
  2822 | D:4      | Learned a level 2 spell: Sticks to Snakes
  3169 | D:3      | Reached XP level 6. HP: 57/57 MP: 6/8
  3569 | D:4      | Found a burning altar of Makhleb.
  3570 | D:4      | Found an opulent altar of Gozag.
  3634 | D:4      | Found a stormy altar of Qazlal.
  3782 | D:4      | Found Jiboeb's Jewellery Boutique.
  3969 | D:4      | Killed Duvessa
  3969 | D:4      | Reached XP level 7. HP: 66/66 MP: 7/9
  3974 | D:4      | Learned a level 3 spell: Spider Form
  4216 | D:5      | Entered Level 5 of the Dungeon
  4249 | D:5      | Reached skill level 3 in Transmutations
  4391 | D:2      | Became a worshipper of the Wu Jian Council
  4513 | D:5      | Noticed Bnni's ghost (novice OpGl)
  4746 | D:5      | Found a staircase to the Ecumenical Temple.
  4760 | D:5      | Reached skill level 5 in Unarmed Combat
  4930 | D:5      | Reached skill level 1 in Poison Magic
  5276 | D:5      | Killed Bnni's ghost
  5276 | D:5      | Reached skill level 4 in Transmutations
  5276 | D:5      | Reached XP level 8. HP: 51/74 MP: 11/11
  5597 | D:6      | Reached * piety under Wu Jian
  5647 | D:6      | Reached skill level 5 in Transmutations
  6016 | D:6      | Reached skill level 6 in Transmutations
  6022 | D:6      | Found a sparkling altar of Nemelex Xobeh.
  6305 | D:6      | Reached XP level 9. HP: 69/79 MP: 6/12
  6881 | D:7      | Reached ** piety under Wu Jian
  7092 | D:7      | Reached skill level 7 in Transmutations
  7138 | D:7      | Found Fohoix's Antique Armour Shop.
  7196 | D:7      | Found Oclui's Antique Weapon Shop.
  7272 | D:7      | Noticed Menkaure
  7303 | D:7      | Killed Menkaure
  7610 | D:7      | Found Ficullol's Antique Weapon Shop.
  7776 | D:8      | Found a snail-covered altar of Cheibriados.
  7785 | D:8      | Noticed Maurice
  7799 | D:8      | Killed Maurice
  7854 | D:8      | Noticed Erica
  7904 | D:8      | Killed Erica
  7989 | D:8      | Reached XP level 10. HP: 93/93 MP: 10/14
  8028 | D:8      | Noticed a two-headed ogre
  8096 | D:8      | Found a shattered altar of Ashenzari.
  8125 | D:8      | You fall through a shaft for 2 floors!
  8125 | D:10     | Entered Level 10 of the Dungeon
  8132 | D:10     | Noticed Nergalle
  8779 | D:8      | Killed a two-headed ogre
  8779 | D:8      | Reached skill level 5 in Fighting
  8906 | D:8      | Found a white marble altar of Elyvilon.
  8912 | D:8      | Found a glowing golden altar of the Shining One.
  8913 | D:8      | Found a glowing silver altar of Zin.
  8982 | D:8      | Noticed Psyche
  8998 | D:8      | Killed Psyche
  9255 | D:8      | Learned a level 4 spell: Ice Form
  9294 | D:8      | Found a staircase to the Lair.
  9459 | Lair:1   | Entered Level 1 of the Lair of Beasts
  9518 | Lair:1   | Noticed a spiny frog
  9546 | Lair:1   | Killed a spiny frog
  9546 | Lair:1   | Reached skill level 5 in Spellcasting
  9546 | Lair:1   | Reached skill level 1 in Ice Magic
  9550 | Lair:1   | Reached *** piety under Wu Jian
  9988 | Lair:1   | Reached XP level 11. HP: 101/101 MP: 17/17
 10213 | Lair:1   | Reached skill level 8 in Transmutations
 11587 | Lair:2   | Found a staircase to the Snake Pit.
 11593 | Lair:2   | Reached **** piety under Wu Jian
 11867 | Lair:3   | Reached skill level 5 in Ice Magic
 12025 | Lair:3   | Reached skill level 9 in Transmutations
 12993 | Lair:4   | Noticed Zeloya's ghost (journeyman KoAs)
 13082 | Lair:4   | Killed Zeloya's ghost
 13082 | Lair:4   | Reached XP level 12. HP: 113/113 MP: 15/18
 13473 | Lair:4   | Noticed Kirke
 13628 | Lair:4   | Reached skill level 5 in Dodging
 13663 | Lair:4   | Found a staircase to the Shoals.
 14310 | D:9      | Noticed Grum
 14324 | D:9      | Killed Grum
 14439 | D:9      | Learned a level 1 spell: Confusing Touch
 14667 | D:9      | Noticed a two-headed ogre
 14675 | D:9      | Killed a two-headed ogre
 14968 | D:9      | Reached skill level 1 in Hexes
 15870 | D:10     | Found Xying's Distillery.
 16072 | D:10     | Killed Nergalle
 16222 | D:10     | Reached skill level 10 in Transmutations
 16328 | D:10     | Noticed Joseph
 16386 | D:10     | Killed Joseph
 16386 | D:10     | Reached ***** piety under Wu Jian
 16443 | D:10     | Got a pitted dagger
 17566 | D:9      | Reached XP level 13. HP: 108/126 MP: 14/19
 18302 | D:11     | Found a staircase to the Orcish Mines.
 18670 | Orc:1    | Entered Level 1 of the Orcish Mines
 19923 | Lair:4   | Killed Kirke
 21662 | Lair:6   | Entered Level 6 of the Lair of Beasts
 22207 | Orc:2    | Entered Level 2 of the Orcish Mines
 22415 | Orc:1    | Noticed Josephine
 22513 | Orc:2    | Killed Josephine
 22521 | Orc:2    | Reached XP level 14. HP: 70/139 MP: 18/20
 23047 | Orc:2    | Found a staircase to the Elven Halls.
 23418 | Orc:2    | Noticed Donald
 23670 | Orc:2    | Reached skill level 10 in Unarmed Combat
 23711 | Orc:2    | Noticed an orc warlord
 23765 | Orc:1    | HP: 2/139 [poisoned by Donald]
 25822 | D:13     | Reached skill level 1 in Throwing
 26843 | D:14     | Reached skill level 10 in Fighting
 26843 | D:14     | Reached skill level 10 in Dodging
 27104 | D:14     | Found a gate to the Vaults.
 27776 | D:11     | Reached skill level 5 in Throwing
 29498 | Lair:6   | Found a staircase to the Slime Pits.
 29498 | Lair:6   | Found a viscous altar of Jiyva.
 29935 | Lair:6   | Reached XP level 15. HP: 55/149 MP: 21/21
 30165 | Lair:6   | Found a large runed door.
 30165 | Lair:6   | Found a large runed door.
 30693 | Lair:6   | Identified the Handbook of Evil
 31646 | Orc:2    | Killed Donald
 31899 | Orc:2    | Reached skill level 1 in Shields
 32209 | Orc:2    | Reached ****** piety under Wu Jian
 32599 | Orc:2    | Killed an orc warlord
 33060 | Orc:2    | Found Eggih's General Store.
 33061 | Orc:2    | Found Woybrunai's Book Shoppe.
 33063 | Orc:2    | Found Baat's Antique Armour Shoppe.
 33063 | Orc:2    | Found Saalu's Antique Weapon Emporium.
 33101 | Orc:2    | Bought a book of Transfigurations for 660 gold pieces
 33108 | Orc:2    | Learned a level 6 spell: Statue Form
 33430 | D:15     | Entered Level 15 of the Dungeon
 33669 | D:15     | Found a shadowy altar of Dithmenos.
 33772 | D:15     | Reached skill level 1 in Earth Magic
 33831 | D:15     | Found a staircase to the Depths.
 34623 | Depths:1 | Entered Level 1 of the Depths
 34907 | Snake:1  | Entered Level 1 of the Snake Pit
 36633 | Snake:2  | Noticed Vashnia
 37188 | Snake:3  | Noticed a nagaraja
 37347 | Lair:1   | Learned a level 5 spell: Blade Hands
 38125 | Snake:3  | HP: 5/149 [guardian serpent/bolt of poison (23)]
 38704 | Snake:3  | Reached skill level 11 in Transmutations
 38790 | Snake:3  | Reached skill level 5 in Earth Magic
 39689 | Snake:3  | Killed a nagaraja
 40792 | Snake:2  | Killed Vashnia
 40792 | Snake:2  | Reached XP level 16. HP: 73/158 MP: 18/23
 40985 | Snake:2  | HP: 6/158 [naga sharpshooter/bolt[Vashnia] (20)]
 40985 | Snake:2  | Shot with a bolt by a naga sharpshooter

Skill      XL: |  1  2  3  4  5  6  7  8  9 10 11 12 13 14 15 |
---------------+----------------------------------------------+-----
Fighting       | 1 2 4 5 6 7 9 10 | 10.0
Dodging        | 2 3 4 6 9 10 | 10.0
Transmutations | 2 4 6 7 9 10 11 | 11.3
Spellcasting   | 2 3 5 |  5.3
Unarmed Combat | 4 5 6 8 9 10 | 10.6
Poison Magic   | 2 3 |  3.0
Ice Magic      | 2 5 |  5.0
Hexes          | 2 3 |  3.0
Throwing       | 8 |  8.0
Shields        | 4 |  4.9
Earth Magic    | 6 |  6.1

Action                   |  1- 3 |  4- 6 |  7- 9 | 10-12 | 13-15 | 16-18 || total
-------------------------+-------+-------+-------+-------+-------+-------++-------
Melee: Unarmed           |    94 |   178 |   309 |   954 |  2069 |     9 ||  3613
       Headbutt          |     1 |     4 |     1 |     4 |    16 |       ||    26
       Punch             |     1 |       |     1 |    10 |    35 |       ||    47
       Kick              |       |     6 |    14 |    10 |    34 |       ||    64
Throw: Tomahawk          |       |       |       |    10 |     8 |       ||    18
       Large rock        |       |       |       |       |    26 |       ||    26
 Cast: Beastly Appendage |     3 |    15 |    15 |     6 |    14 |       ||    53
       Spider Form       |       |       |    20 |    46 |   102 |       ||   168
       Sticks to Snakes  |       |       |     6 |    17 |     9 |       ||    32
       Ice Form          |       |       |       |    21 |    31 |       ||    52
       Confusing Touch   |       |       |       |    21 |   148 |     1 ||   170
       Blade Hands       |       |       |       |       |    17 |     1 ||    18
Invok: Lunge             |       |       |    13 |    89 |   199 |     1 ||   302
       Whirlwind         |       |       |     7 |   113 |   282 |     3 ||   405
       Wall Jump         |       |       |       |     7 |    16 |       ||    23
       Serpent's Lash    |       |       |       |     5 |    22 |     1 ||    28
       Heavenly Storm    |       |       |       |       |     2 |       ||     2
 Abil: End Transformatio |       |       |       |     6 |    10 |       ||    16
       Evoke Berserk Rag |       |       |       |       |     2 |       ||     2
Evoke: Wand              |       |     6 |     1 |       |     6 |       ||    13
  Use: Scroll            |     2 |       |    10 |     8 |    16 |     1 ||    37
       Potion            |       |       |       |       |     7 |     1 ||     8
 Stab: Sleeping          |       |     1 |       |       |     2 |       ||     3
       Distracted        |       |       |       |     1 |     1 |       ||     2
       Confused          |       |       |       |     9 |    82 |     2 ||    93
       Petrified         |       |       |       |       |     6 |       ||     6
       Petrifying        |       |       |       |       |     1 |       ||     1
  Eat: Chunk             |    18 |    25 |    35 |    96 |   185 |       ||   359
       Ration            |       |       |       |       |    16 |       ||    16
Armor: Robe              |    37 |    74 |    51 |   116 |   255 |     1 ||   534
       Skin              |       |       |    23 |   152 |   126 |       ||   301
       Steam dragon scal |       |       |       |    17 |       |       ||    17
Dodge: Dodged            |    40 |    96 |   159 |   617 |  1163 |     2 ||  2077
Block: Shield            |       |       |       |       |     3 |       ||     3
